 Dungeon Crawl Stone Soup version 0.20-a0-16-g0876c8e (webtiles) character file.

103 JeffiDaFish the Shield-Bearer (level 4, -5/29 HPs)
             Began as a Gargoyle Fighter on Nov 5, 2016.
             Killed from afar by an orc wizard (7 damage)
             ... with a puff of frost
             ... on level 3 of the Dungeon.
             The game lasted 00:03:55 (1794 turns).

JeffiDaFish the Shield-Bearer (Gargoyle Fighter)    Turns: 1794, Time: 00:03:55

Health: -5/29      AC: 12    Str: 20    XL:     4   Next: 79%
Magic:  4/4        EV:  5    Int:  9    God:
Gold:   67         SH: 10    Dex:  9    Spells: 0 memorised, 3 levels left

rFire  . . .     SeeInvis .     a - +0 trident
rCold  . . .     Gourm    .     j - +0 chain mail
rNeg   + . .     Faith    .     c - +1 shield
rPois  ∞         Spirit   .     (no helmet)
rElec  +         Reflect  .     (no cloak)
rCorr  +         Harm     .     (no gloves)
MR     .....                    (no boots)
Stlth  ..........               (no amulet)
                                (no ring)
                                e - ring of resist corrosion

@: no status effects
A: negative energy resistance 1, electricity resistance, unbreathing,
petrification resistance, rot immunity, AC +3
a: no special abilities


You were on level 3 of the Dungeon.
You were hungry.

You visited 1 branch of the dungeon, and saw 3 of its levels.

You collected 67 gold pieces.

Inventory:

Hand Weapons
 a - a +0 trident (weapon)
Armour
 c - a +1 shield (worn)
 j - a +0 chain mail (worn)
Jewellery
 e - a ring of resist corrosion (left hand)
Scrolls
 b - a scroll of identify
 i - a scroll of remove curse
 k - a scroll of teleportation
Potions
 d - 2 potions of might
Comestibles
 f - 3 bread rations
 g - 8 chunks of flesh
 h - a beef jerky
 l - 2 meat rations


   Skills:
 + Level 3.7 Fighting
 + Level 2.4 Polearms
 + Level 3.8 Armour
 + Level 0.1 Dodging
 + Level 4.7 Shields


You had 3 spell levels left.
You didn't know any spells.

Dungeon Overview and Level Annotations

Branches:
Dungeon (3/15)

Altars:


Innate Abilities, Weirdness & Mutations

You are resistant to torment.
Your stone body is resilient. (AC +3)
You are immune to poison.
You resist negative energy. (rN+)
You are resistant to electric shocks. (rElec)
You can survive without breathing.
You are immune to petrification.
You are immune to rotting.


Message History

A magic dart appears from out of thin air!
The magic dart hits you!
You barely miss something.
You hear some strange, mumbled words.
A magic dart appears from out of thin air!
The magic dart hits you! Something hits you but does no damage.
Your shield and chain mail prevent you from hitting something.
Something hits you but does no damage. x2
You hit something but do no damage. Something hits you but does no damage.
You closely miss something.
You hear some strange, mumbled words.
A magic dart appears from out of thin air!
The magic dart hits you!
* * * LOW HITPOINT WARNING * * *
You closely miss something. Something hits you but does no damage.
You miss something.
You hear some strange, mumbled words.
A puff of frost appears from out of thin air!
The puff of frost hits you!
You die...

........# #..#
.#.#.#.#############.#
#.#.#.# #.......# #.# #.....#
#.......# #.# .##.##.#
#......(###.#######.
.......###.........#.........
###.#)..##.......#.#..######.
#.....##.......#.#..#
###<..##.....{@.....#
##.########†##.#..# #.# #)
#....# #.# #. ###..# #.# #.
#..# #.# .. ...# #.. .. ...#
## .# ###


There were no monsters in sight!

Vanquished Creatures
  A gnoll (D:1)
  3 adders (D:2)
  An ooze (D:2)
  4 dart slugs
  2 worms
  2 leopard geckos
  2 orcs (D:3)
  3 ball pythons
  2 bats
  2 giant cockroaches (D:2)
  2 goblins (D:2)
  3 hobgoblins
  4 jackals (D:3)
  5 kobolds
  A quokka (D:2)
  5 frilled lizards
  2 rats (D:1)
44 creatures vanquished.

Notes
Turn   | Place    | Note
-------+----------+-------------------------------------------
     0 | D:1      | JeffiDaFish the Gargoyle Fighter began the quest for the Orb.
     0 | D:1      | Reached XP level 1. HP: 14/14 MP: 1/1
   305 | D:1      | Reached XP level 2. HP: 19/19 MP: 2/2
   770 | D:1      | Reached skill level 4 in Shields
   770 | D:1      | Reached XP level 3. HP: 24/24 MP: 3/3
  1262 | D:2      | Reached XP level 4. HP: 29/29 MP: 4/4
  1794 | D:3      | Killed from afar by an orc wizard

Vault maps used:
D:1:      lightli_arrival_chessboard
D:3:      fiery_altar_vehumet, first_bread, uniq_natasha

Skill      XL: |  1  2  3 |
---------------+----------+-----
Shields        | 4 |  4.7
Polearms       | 2 |  2.4
Fighting       | |  3.7
Armour         | |  3.8
Dodging        | |  0.1

Action                   |  1- 3 |  4- 6 || total
-------------------------+-------+-------++-------
Melee: Trident           |   129 |   127 ||   256
  Use: Scroll            |     7 |     1 ||     8
       Potion            |     2 |       ||     2
  Eat: Chunk             |     2 |     1 ||     3
Armor: Scale mail        |    19 |       ||    19
       Chain mail        |    38 |    97 ||   135
Dodge: Dodged            |    24 |    38 ||    62
Block: Shield            |    42 |    87 ||   129
